TOP OF THE 1ST |
Santa Monica Bruins batting - Pitching for Redwood City Redwoods : RHP Bill Peterson
|
Pitching: RHP Bill Peterson
|
|
Batting: RHB Manny Torrez
|
0-0: Ball 1-0: Ball 2-0: Called Strike 2-1: Called Strike 2-2: Strikes out swinging
|
Batting: RHB Matt O'Rourke
|
0-0: Ball 1-0: Foul Ball, location: 2F 1-1: Ball 2-1: Ball 3-1: Swinging Strike 3-2: Foul Ball, location: 2F 3-2: SINGLE (Line Drive, 56D)
|
Batting: RHB Luis Martínez
|
0-0: Ball 1-0: Ball 2-0: Foul Ball, location: 2F 2-1: Ball 3-1: Called Strike 3-2: SINGLE (Line Drive, 9S) Matt O'Rourke to second
|
Batting: LHB Ethan Shaw
|
0-0: Swinging Strike 0-1: Called Strike 0-2: Ball 1-2: Fly out, F9 (Flyball, 89M) Runner from 2nd tags up, SAFE at 3rd with throw
|
Batting: LHB Jorge Souza
|
0-0: Swinging Strike 0-1: SINGLE (Line Drive, 78M) Matt O'Rourke scores Luis Martínez to second
|
Batting: RHB Tadakuni Sugiyama
|
0-0: Called Strike 0-1: Ball 1-1: Swinging Strike 1-2: Ball 2-2: Ground out 1-3 (Groundball, 13)
|
Top of the 1st over - 1 run, 3 hits, 0 errors, 2 left on base; Santa Monica 1 - Redwood City 0 |
BOTTOM OF THE 1ST |
Redwood City Redwoods batting - Pitching for Santa Monica Bruins : LHP Rafael Alemán
|
Pitching: LHP Rafael Alemán
|
|
Batting: LHB Tim Ramsey
|
0-0: Fly out, F9 (Flyball, 9S)
|
Batting: RHB Javier Ortíz
|
0-0: Ball 1-0: Ground out 6-3 (Groundball, 6S)
|
Batting: RHB David Adams
|
0-0: Swinging Strike 0-1: Ground out 3-1 (Groundball, 34)
|
Bottom of the 1st over - 0 runs, 0 hits, 0 errors, 0 left on base; Santa Monica 1 - Redwood City 0 |
TOP OF THE 2ND |
Santa Monica Bruins batting - Pitching for Redwood City Redwoods : RHP Bill Peterson
|
Batting: RHB Armando Colón
|
0-0: Ball 1-0: Ground out 6-3 (Groundball, 6)
|
Batting: RHB Ernest Russell
|
0-0: Called Strike 0-1: Ground out 6-3 (Groundball, 6D)
|
Batting: LHB Gonzalo Benítez
|
0-0: Ball 1-0: Foul Ball, location: 2F 1-1: Foul Ball, location: 2F 1-2: Ground out 4-3 (Groundball, 4S)
|
Top of the 2nd over - 0 runs, 0 hits, 0 errors, 0 left on base; Santa Monica 1 - Redwood City 0 |
BOTTOM OF THE 2ND |
Redwood City Redwoods batting - Pitching for Santa Monica Bruins : LHP Rafael Alemán
|
Batting: RHB Joe Noble
|
0-0: Called Strike 0-1: Swinging Strike 0-2: Ball 1-2: Fly out, F8 (Flyball, 8LS)
|
Batting: RHB Luis Ramírez
|
0-0: Ball 1-0: Ball 2-0: Foul Ball, location: 2F 2-1: Ball 3-1: Foul Ball, location: 2F 3-2: Strikes out looking
|
Batting: LHB Bob Campbell
|
0-0: Ball 1-0: Called Strike 1-1: Foul Ball, location: 2F 1-2: Fly out, F8 (Flyball, 8LD)
|
Bottom of the 2nd over - 0 runs, 0 hits, 0 errors, 0 left on base; Santa Monica 1 - Redwood City 0 |
TOP OF THE 3RD |
Santa Monica Bruins batting - Pitching for Redwood City Redwoods : RHP Bill Peterson
|
Batting: RHB Manny Torrez
|
0-0: Ball 1-0: Foul Ball, location: 2F 1-1: Swinging Strike 1-2: Strikes out swinging
|
Batting: RHB Matt O'Rourke
|
0-0: Swinging Strike 0-1: Ball 1-1: Fly out, F7 (Line Drive, 7D)
|
Batting: RHB Luis Martínez
|
0-0: SINGLE (Flyball, 34D)
|
Batting: LHB Ethan Shaw
|
0-0: Fly out, F7 (Flyball, 7LS)
|
Top of the 3rd over - 0 runs, 1 hit, 0 errors, 1 left on base; Santa Monica 1 - Redwood City 0 |
BOTTOM OF THE 3RD |
Redwood City Redwoods batting - Pitching for Santa Monica Bruins : LHP Rafael Alemán
|
Batting: RHB David Strickland
|
0-0: Called Strike 0-1: SINGLE (Line Drive, 6M)
|
Batting: LHB Dave Lee
|
0-0: Foul Ball, location: 2F 0-1: Called Strike 0-2: Strikes out looking
|
Batting: RHB Ben Byrd
|
0-0: Ball 1-0: Ball 2-0: Foul Ball, location: 2F 2-1: Ball Wild Pitch! David Strickland to second 3-1: SINGLE (Groundball, 2L) (infield hit) David Strickland to third
|
Batting: LHB Tim Ramsey
|
0-0: Ball Ben Byrd is caught stealing 2nd base 1-0: Ball 2-0: Swinging Strike 2-1: Called Strike 2-2: Strikes out swinging
|
Bottom of the 3rd over - 0 runs, 2 hits, 0 errors, 1 left on base; Santa Monica 1 - Redwood City 0 |
TOP OF THE 4TH |
Santa Monica Bruins batting - Pitching for Redwood City Redwoods : RHP Bill Peterson
|
Batting: LHB Jorge Souza
|
0-0: Ball 1-0: Called Strike 1-1: Ball 2-1: Called Strike 2-2: Fly out, F5 (Line Drive, 5S)
|
Batting: RHB Tadakuni Sugiyama
|
0-0: Ball 1-0: Called Strike 1-1: Foul Ball, location: 2F 1-2: Foul Ball, location: 2F 1-2: Ball 2-2: SINGLE (Groundball, 34D)
|
Batting: RHB Armando Colón
|
0-0: Called Strike 0-1: Fly out, F9 (Flyball, 9)
|
Batting: RHB Ernest Russell
|
0-0: Ground out 5-3 (Groundball, 56S)
|
Top of the 4th over - 0 runs, 1 hit, 0 errors, 1 left on base; Santa Monica 1 - Redwood City 0 |
BOTTOM OF THE 4TH |
Redwood City Redwoods batting - Pitching for Santa Monica Bruins : LHP Rafael Alemán
|
Batting: RHB Javier Ortíz
|
0-0: Ball 1-0: Foul Ball, location: 2F 1-1: Called Strike 1-2: Foul Ball, location: 2F 1-2: Ball 2-2: Ball 3-2: Base on Balls
|
Batting: RHB David Adams
|
0-0: Ball 1-0: Called Strike 1-1: Ball 2-1: Fly out, F9 (Flyball, 9LMF)
|
Batting: RHB Joe Noble
|
0-0: Ball 1-0: Ball 2-0: Ball 3-0: Called Strike 3-1: Called Strike 3-2: Base on Balls Javier Ortíz to second
|
Batting: RHB Luis Ramírez
|
0-0: Ball 1-0: Ball 2-0: Ball 3-0: Base on Balls Javier Ortíz to third Joe Noble to second
|
Batting: LHB Bob Campbell
|
0-0: Called Strike 0-1: Foul Ball, location: 2F 0-2: Strikes out swinging
|
Batting: RHB David Strickland
|
0-0: Called Strike 0-1: Called Strike 0-2: Ground out 4-3 (Groundball, 4)
|
Bottom of the 4th over - 0 runs, 0 hits, 0 errors, 3 left on base; Santa Monica 1 - Redwood City 0 |
TOP OF THE 5TH |
Santa Monica Bruins batting - Pitching for Redwood City Redwoods : RHP Bill Peterson
|
Batting: LHB Gonzalo Benítez
|
0-0: Ball 1-0: Swinging Strike 1-1: Swinging Strike 1-2: Ball 2-2: Strikes out swinging
|
Batting: RHB Manny Torrez
|
0-0: Ball 1-0: Ball 2-0: Ball 3-0: Called Strike 3-1: Swinging Strike 3-2: Base on Balls
|
Batting: RHB Matt O'Rourke
|
0-0: Ball 1-0: Called Strike 1-1: Foul Ball, location: 2F 1-2: Ball 2-2: Grounds into double play, 5-4-3 (Groundball, 56)
|
Top of the 5th over - 0 runs, 0 hits, 0 errors, 0 left on base; Santa Monica 1 - Redwood City 0 |
BOTTOM OF THE 5TH |
Redwood City Redwoods batting - Pitching for Santa Monica Bruins : LHP Rafael Alemán
|
Batting: LHB Dave Lee
|
0-0: Called Strike 0-1: Ball 1-1: Fly out, F7 (Line Drive, 7D)
|
Batting: RHB Ben Byrd
|
0-0: Ball 1-0: Ball 2-0: Ball 3-0: Called Strike 3-1: Base on Balls
|
Batting: LHB Tim Ramsey
|
0-0: Ball 1-0: Ball 2-0: Called Strike 2-1: SINGLE (Groundball, 4MD) Ben Byrd to second
|
Batting: RHB Javier Ortíz
|
0-0: Ball 1-0: Foul Ball, location: 2F 1-1: Swinging Strike 1-2: Strikes out looking
|
Batting: RHB David Adams
|
0-0: Swinging Strike 0-1: Ball 1-1: Swinging Strike 1-2: Strikes out looking
|
Bottom of the 5th over - 0 runs, 1 hit, 0 errors, 2 left on base; Santa Monica 1 - Redwood City 0 |
TOP OF THE 6TH |
Santa Monica Bruins batting - Pitching for Redwood City Redwoods : RHP Bill Peterson
|
Batting: RHB Luis Martínez
|
0-0: Called Strike 0-1: SINGLE (Line Drive, 6D)
|
Batting: LHB Ethan Shaw
|
0-0: Called Strike 0-1: Swinging Strike 0-2: Ball 1-2: Fly out, F8 (Flyball, 8RM)
|
Batting: LHB Jorge Souza
|
0-0: Ball 1-0: Called Strike 1-1: Ball 2-1: Called Strike 2-2: SINGLE (Groundball, 34D) Luis Martínez to second
|
Batting: RHB Tadakuni Sugiyama
|
0-0: Called Strike 0-1: Called Strike 0-2: DOUBLE (Flyball, 8LXD) Luis Martínez scores Jorge Souza to third
|
Batting: RHB Armando Colón
|
0-0: Foul Ball, location: 2F 0-1: Swinging Strike 0-2: Foul Ball, location: 2F 0-2: Ground out U3 (Groundball, 34) Jorge Souza scores Tadakuni Sugiyama to third
|
Batting: RHB Ernest Russell
|
0-0: SINGLE (Groundball, 4MD) Tadakuni Sugiyama scores
|
Batting: LHB Gonzalo Benítez
|
0-0: Hit by Pitch Ernest Russell to second
|
Batting: RHB Manny Torrez
|
0-0: Ground out 4-3 (Groundball, 4)
|
Top of the 6th over - 3 runs, 4 hits, 0 errors, 2 left on base; Santa Monica 4 - Redwood City 0 |
BOTTOM OF THE 6TH |
Redwood City Redwoods batting - Pitching for Santa Monica Bruins : LHP Rafael Alemán
|
Batting: RHB Joe Noble
|
0-0: Called Strike 0-1: Swinging Strike 0-2: Foul Ball, location: 2F 0-2: Ball 1-2: Strikes out swinging
|
Batting: RHB Luis Ramírez
|
0-0: Ground out 4-3 (Groundball, 4)
|
Batting: LHB Bob Campbell
|
0-0: Ball 1-0: Foul Ball, location: 2F 1-1: Foul Ball, location: 2F 1-2: SINGLE (Groundball, 34) (infield hit)
|
Batting: RHB David Strickland
|
0-0: Ball 1-0: SINGLE (Line Drive, 89M) Bob Campbell to second Runner from 2nd tries for 3rd, SAFE, throw made to third
|
Batting: LHB Dave Lee
|
0-0: Ball 1-0: Called Strike 1-1: Ball 2-1: Ball 3-1: Foul Ball, location: 2F 3-2: Strikes out swinging
|
Bottom of the 6th over - 0 runs, 2 hits, 0 errors, 2 left on base; Santa Monica 4 - Redwood City 0 |
TOP OF THE 7TH |
Santa Monica Bruins batting - Pitching for Redwood City Redwoods : RHP Bill Peterson
|
Pitching: RHP José Gusmán
|
|
Batting: RHB Matt O'Rourke
|
0-0: SINGLE (Groundball, 56D)
|
Batting: RHB Luis Martínez
|
0-0: Ball 1-0: Ball 2-0: Called Strike 2-1: Ball 3-1: Base on Balls Matt O'Rourke to second
|
Batting: LHB Ethan Shaw
|
0-0: Called Strike 0-1: Foul Ball, location: 2F 0-2: Strikes out looking
|
Batting: LHB Jorge Souza
|
0-0: Called Strike 0-1: Foul Ball, location: 2F 0-2: Ball 1-2: Foul Ball, location: 2F 1-2: Ball 2-2: Foul Ball, location: 2F 2-2: Strikes out looking
|
Batting: RHB Tadakuni Sugiyama
|
0-0: Ball 1-0: Swinging Strike 1-1: Swinging Strike 1-2: Ball 2-2: Ball 3-2: Foul Ball, location: 2F 3-2: Base on Balls Matt O'Rourke to third Luis Martínez to second
|
Batting: RHB Armando Colón
|
0-0: Called Strike 0-1: Swinging Strike 0-2: Ball 1-2: Ball 2-2: Foul Ball, location: 2F 2-2: Strikes out looking
|
Top of the 7th over - 0 runs, 1 hit, 0 errors, 3 left on base; Santa Monica 4 - Redwood City 0 |
BOTTOM OF THE 7TH |
Redwood City Redwoods batting - Pitching for Santa Monica Bruins : LHP Rafael Alemán
|
Batting: RHB Ben Byrd
|
0-0: Fly out, F9 (Flyball, 89M)
|
Pitching: RHP Joe Shoemaker
|
|
Batting: LHB Tim Ramsey
|
0-0: Foul Ball, location: 2F 0-1: Ball 1-1: Ball 2-1: Ball 3-1: Base on Balls
|
Batting: RHB Javier Ortíz
|
0-0: Ball 1-0: Called Strike Tim Ramsey is caught stealing 2nd base 1-1: SINGLE (Flyball, 8RS)
|
Batting: RHB David Adams
|
0-0: Ball 1-0: Called Strike 1-1: Ball 2-1: SINGLE (Line Drive, 5D) Javier Ortíz to second
|
Batting: RHB Joe Noble
|
0-0: Ball 1-0: Called Strike 1-1: Ball 2-1: Swinging Strike 2-2: Ball 3-2: Strikes out looking
|
Bottom of the 7th over - 0 runs, 2 hits, 0 errors, 2 left on base; Santa Monica 4 - Redwood City 0 |
TOP OF THE 8TH |
Santa Monica Bruins batting - Pitching for Redwood City Redwoods : RHP José Gusmán
|
Batting: RHB Ernest Russell
|
0-0: Ground out 4-3 (Groundball, 4M)
|
Batting: LHB Gonzalo Benítez
|
0-0: SINGLE (Groundball, 4S) (infield hit)
|
Batting: RHB Manny Torrez
|
0-0: Ball 1-0: Foul Ball, location: 2F 1-1: Ball 2-1: Foul Ball, location: 2F 2-2: Strikes out swinging
|
Batting: RHB Matt O'Rourke
|
0-0: Called Strike 0-1: 2-RUN HOME RUN (Flyball, 78D), Distance : 387 ft
|
Batting: RHB Luis Martínez
|
0-0: Ball 1-0: Ball 2-0: Ball 3-0: Base on Balls
|
Batting: LHB Ethan Shaw
|
0-0: Ball 1-0: Called Strike 1-1: Foul Ball, location: 2F 1-2: Ground out 4-3 (Groundball, 4S)
|
Top of the 8th over - 2 runs, 2 hits, 0 errors, 1 left on base; Santa Monica 6 - Redwood City 0 |
BOTTOM OF THE 8TH |
Redwood City Redwoods batting - Pitching for Santa Monica Bruins : RHP Joe Shoemaker
|
Now at 1B: Fred Ameris
|
|
Batting: RHB Luis Ramírez
|
0-0: Called Strike 0-1: Ball 1-1: Swinging Strike 1-2: Strikes out looking
|
Batting: LHB Bob Campbell
|
0-0: SINGLE (Line Drive, 4D)
|
Batting: RHB David Strickland
|
0-0: Called Strike 0-1: Swinging Strike 0-2: Ball 1-2: Strikes out swinging
|
Batting: LHB Dave Lee
|
0-0: Ball 1-0: Ball 2-0: Called Strike 2-1: Foul Ball, location: 2F 2-2: Foul Ball, location: 2F 2-2: Foul Ball, location: 2F 2-2: Strikes out looking
|
Bottom of the 8th over - 0 runs, 1 hit, 0 errors, 1 left on base; Santa Monica 6 - Redwood City 0 |
TOP OF THE 9TH |
Santa Monica Bruins batting - Pitching for Redwood City Redwoods : RHP José Gusmán
|
Batting: LHB Jorge Souza
|
0-0: Ball 1-0: Called Strike 1-1: SINGLE (Line Drive, 4M)
|
Batting: RHB Tadakuni Sugiyama
|
0-0: Ball 1-0: Ball 2-0: Ball 3-0: Called Strike 3-1: Foul Ball, location: 2F 3-2: Base on Balls Jorge Souza to second
|
Pitching: RHP Ronnie Jefferson
|
|
Batting: RHB Armando Colón
|
0-0: Foul Ball, location: 2F 0-1: Ball 1-1: Called Strike 1-2: Strikes out looking
|
Batting: RHB Ernest Russell
|
0-0: Foul Ball, location: 2F 0-1: Called Strike 0-2: Ball 1-2: Foul Ball, location: 2F 1-2: Foul Ball, location: 2F 1-2: Strikes out swinging
|
Batting: LHB Gonzalo Benítez
|
0-0: Swinging Strike 0-1: Swinging Strike 0-2: Foul Ball, location: 2F 0-2: Ball 1-2: Ball 2-2: Strikes out swinging
|
Top of the 9th over - 0 runs, 1 hit, 0 errors, 2 left on base; Santa Monica 6 - Redwood City 0 |
BOTTOM OF THE 9TH |
Redwood City Redwoods batting - Pitching for Santa Monica Bruins : RHP Joe Shoemaker
|
Batting: RHB Ben Byrd
|
0-0: Called Strike 0-1: Called Strike 0-2: Ball 1-2: Ball 2-2: Foul Ball, location: 2F 2-2: Foul Ball, location: 2F 2-2: Strikes out swinging
|
Batting: LHB Tim Ramsey
|
0-0: Ball 1-0: Called Strike 1-1: SINGLE (Groundball, 4MD)
|
Batting: RHB Javier Ortíz
|
0-0: Ball 1-0: Ball 2-0: Foul Ball, location: 2F 2-1: Swinging Strike 2-2: Foul Ball, location: 2F 2-2: Foul Ball, location: 2F 2-2: Strikes out swinging
|
Batting: RHB David Adams
|
0-0: Ball 1-0: SINGLE (Line Drive, 4MD) Tim Ramsey to second
|
Batting: RHB Joe Noble
|
0-0: Ball 1-0: SINGLE (Groundball, 4MD) Tim Ramsey to third David Adams to second
|
Batting: RHB Luis Ramírez
|
0-0: Called Strike 0-1: Ball 1-1: Foul Ball, location: 2F 1-2: Ball 2-2: Ground out 4-3 (Groundball, 4)
|
Bottom of the 9th over - 0 runs, 3 hits, 0 errors, 3 left on base; Santa Monica 6 - Redwood City 0 |
|